 Seeded DCSS version 0.30.1 (webtiles) character file.

Game seed: 6351066067085065685 (custom seed)

14 Esekla the Grave Robber (level 2, 0/15 HPs)
             Began as a Deep Elf Necromancer on July 6, 2023.
             Slain by an orc
             ... wielding a +0 whip
              (4 damage)
             ... on level 3 of the Dungeon.
             The game lasted 00:04:22 (545 turns).

Esekla the Grave Robber (Deep Elf Necromancer)       Turns: 545, Time: 00:04:23

Health: 0/15       AC:  3    Str:  5    XL:     2   Next: 31%
Magic:  8/8        EV: 12    Int: 19    God:
Gold:   26         SH:  0    Dex: 15    Spells: 6/7 levels left

rFire   . . .        f - +1 dagger (drain)
rCold   . . .        (no shield)
rNeg    . . .        a - +0 robe
rPois   .            (no helmet)
rElec   .            (no cloak)
rCorr   .            i - +0 pair of gloves
SInv    .            (no boots)
Will    .....        (no amulet)
Stlth   ++           (no ring)
HPRegen 0.22/turn    (no ring)
MPRegen 0.11/turn

%: no passive effects
@: no status effects
A: no striking features
a: no special abilities


You were on level 3 of the Dungeon.
You visited 1 branch of the dungeon, and saw 4 of its levels.

You collected 26 gold pieces.

Inventory:

Hand Weapons
 f - a +1 dagger of draining (weapon)
Armour
 a - a +0 robe (worn)
 i - a +0 pair of gloves (worn)
Scrolls
 c - a scroll of identify {unknown}
Potions
 b - a potion of magic
 d - a potion of ambrosia {unknown}
 g - 2 potions of attraction {unknown}
 h - a potion of curing {unknown}


   Skills:
 + Level 0.1 Short Blades
 * Level 2.6 Dodging
 + Level 2.7 Stealth
 * Level 3.3 Spellcasting
 + Level 5.1 Necromancy


You had 6 spell levels left.
You knew the following spells:

 Your Spells              Type           Power      Damage    Failure   Level
a - Necrotise             Necr           88%        1d8       1%          1

Your spell library contained the following spells:

 Spells                   Type           Power      Damage    Failure   Level
 Vampiric Draining        Necr           22%        2d7       5%          3
 Animate Dead             Necr           22%        N/A       19%         4
 Agony                    Necr           22%        N/A       45%         5


Dungeon Overview and Level Annotations

Branches:
Dungeon (4/15)
 Temple: D:4-7

Altars:
Vehumet
The Shining One


Message History

You hit the orc but do no damage. You drain the orc.
The orc is severely wounded.
The orc hits you with a +0 dagger.
You barely miss the orc.
The orc is severely wounded.
The orc hits you with a +0 dagger.
You barely miss the orc.
The orc is severely wounded.
The orc hits you with a +0 dagger.
You hit the orc but do no damage. You drain the orc.
You kill the orc!
Things that are here:
a +0 dagger; a +0 leather armour; an orc corpse You start resting.
HP restored.
Things that are here:
a +0 dagger; a +0 leather armour; an orc corpse
There is a stone staircase leading up here.
You climb upwards.
The orc closely misses you. The orc hits you with a +0 whip.
There is a stone staircase leading down here.
The orc hits you with a +0 whip. The orc attacks as you move away!
The orc hits you with a +0 whip. The orc attacks as you move away!
The orc closely misses you.
You hit the orc. You drain the orc.
The orc is severely wounded.
The orc hits you with a +0 whip.
You closely miss the orc.
The orc is severely wounded.
The orc hits you with a +0 whip.
* * * LOW HITPOINT WARNING * * *
You hit the orc but do no damage. You drain the orc.
You kill the orc!
Okay, then.
You hit the orc.
The orc is heavily wounded.
The orc completely misses you.
You closely miss the orc.
The orc is heavily wounded.
The orc hits you with a +0 whip.
You die...

##..##..##.#.#
#..# ##..#.#.####
#..# ##..#......#
##..##..##......#
#......#†......#
#....##.......##
..#....#.........#
#.........##'###.#
######....##@# .#
#....##o# #
........>#
#########.# #.#
#.# #.# #.# #.#


You could see an orc.

Vanquished Creatures
  2 orcs
  2 ball pythons (D:1)
  2 goblins (D:1)
  A hobgoblin (D:3)
  A frilled lizard (D:1)
  3 kobolds
11 creatures vanquished.

Notes
Turn   | Place    | Note
-------+----------+-------------------------------------------
     0 | D:1      | Esekla the Deep Elf Necromancer began the quest for the
                  | Orb.
     0 | D:1      | Reached XP level 1. HP: 10/10 MP: 6/6
   136 | D:1      | Reached skill level 5 in Necromancy
   209 | D:1      | Reached XP level 2. HP: 15/15 MP: 8/8
   300 | D:4      | Found a radiant altar of Vehumet.
   374 | D:4      | Found a glowing golden altar of the Shining One.
   398 | D:3      | You fall into a shaft and drop 1 floor!
   545 | D:3      | Slain by an orc

Illustrated notes

Levels and vault maps discovered:
D:1:      sevenhm_arrival_forest_fort_small_3, layout_rooms,
          chequers_serial_rivers_room_b, minmay_misc_feat_five
D:2:      layout_loops_ring, dreamdust_ecumenical_altar_angels_and_demons,
          serial_shops, shop
D:3:      layout_basic, grunt_temple_overflow_open, minmay_misc_feat_iff
D:4:      layout_basic, nicolae_overflow_quartered_altars, serial_shops,
          nicolae_diamond_shop

Skill      XL: |  1 |
---------------+----+-----
Necromancy     | 5 |  5.1
Short Blades   | |  0.1
Dodging        | |  2.6
Stealth        | |  2.7
Spellcasting   | |  3.3

Action                     || total
---------------------------++-------
  Melee: Unarmed           ||     9
         Dagger            ||    19
         Short sword       ||     4
    Use: Scroll            ||     1
   Stab: Sleeping          ||     2
 Armour: Robe              ||     3
  Dodge: Dodged            ||    14
